 Seeded DCSS version 0.30-a0-800-g7c544603b3 (webtiles) character file.

Game seed: 8796237800415217726 (custom seed)

1471 BigDaddyOpFi the Digger (level 9, 0/48 HPs)
             Began as a Meteoran Earth Elementalist on Feb 21, 2023.
             Was an Initiate of Vehumet.
             Slain by a water moccasin (8 damage)
             ... on level 7 of the Dungeon.
             The game lasted 00:05:36 (3779 turns).

BigDaddyOpFi the Digger (MeEE)                      Turns: 3779, Time: 00:05:36

Health: 0/48       AC:  6    Str: 11    XL:     9   Next: 26%
Magic:  4/19       EV: 15    Int: 20    God:    Vehumet [......]
Gold:   879        SH:  0    Dex: 15    Spells: 16/20 levels left

rFire   + . .      SeeInvis .    h - +9 staff of Olgreb {rPois∞}
rCold   . . .      Faith    .    (no shield)
rNeg    . . .      Spirit   .    a - +0 robe
rPois   ∞          Reflect  .    (no helmet)
rElec   .          Harm     .    (no cloak)
rCorr   .          Rampage  ∞    (no gloves)
Will    +....                    g - +3 pair of seven-league boots {Rampage+∞}
Stlth   +                        j - amulet of regeneration
HPRegen 1.08/turn                x - ring of poison resistance
MPRegen 0.16/turn                D - ring of protection from fire

@: glowing
A: sense surroundings 2, otherworldly, glowing, explore regen
a: Renounce Religion, Evoke the Staff of Olgreb


You were on level 7 of the Dungeon.
You worshipped Vehumet.
Vehumet was noncommittal.
You visited 2 branches of the dungeon, and saw 8 of its levels.

You collected 879 gold pieces.

Inventory:

Hand Weapons
 h - the +9 staff of Olgreb (weapon) {rPois∞}
   (You acquired it on level 1 of the Dungeon)

   It enhances your poison magic.
   It grants immunity to poison.
   It can be activated via the 'a'bility menu to radiate toxic energy, with
   effectiveness depending on Evocations skill.
 y - a +1 dagger of electrocution
Armour
 a - a +0 robe (worn)
 g - the +3 pair of seven-league boots (worn) {Rampage+∞}
   (You acquired it on level 1 of the Dungeon)

   Rampage+∞: When moving toward enemies, its wearer moves as far as possible.
Jewellery
 j - an amulet of regeneration (around neck)
 x - a ring of poison resistance (left hand)
 D - a ring of protection from fire (right hand)
 G - an amulet of guardian spirit
Wands
 t - a wand of paralysis (10)
 C - a wand of flame (43)
Scrolls
 f - a scroll of teleportation {unknown}
 l - 10 scrolls of identify {unknown}
 m - 3 scrolls of noise {unknown}
 o - a scroll of magic mapping {unknown}
 p - a scroll of torment {unknown}
 q - 2 scrolls of vulnerability {unknown}
 s - a scroll of immolation {unknown}
 u - a scroll of enchant weapon {unknown}
 v - 2 scrolls of enchant armour {unknown}
 w - 2 scrolls of poison {unknown}
 A - a scroll of summoning {unknown}
 F - 2 scrolls of fear {unknown}
Potions
 b - a potion of magic
 c - 3 potions of berserk rage {unknown}
 d - 4 potions of curing {unknown}
 e - 2 potions of attraction {unknown}
 i - 2 potions of lignification {unknown}
 k - a potion of invisibility {unknown}
 n - a potion of mutation {unknown}
 r - 3 potions of brilliance {unknown}
 z - a potion of degeneration {unknown}
 B - a potion of haste {unknown}
 E - a potion of might {unknown}


   Skills:
 + Level 6.1 Dodging
 + Level 4.1 Stealth
 + Level 6.3 Spellcasting
 + Level 4.5 Conjurations
 - Level 3.0 Transmutations
 + Level 6.7 Earth Magic


You had 16 spell levels left.
You knew the following spells:

 Your Spells              Type           Power      Damage    Failure   Level
a - Sandblast             Erth           66%        2d15      1%          1
b - Stone Arrow           Conj/Erth      56%        3d10      3%          3

Your spell library contained the following spells:

 Spells                   Type           Power      Damage    Failure   Level
 Magic Dart               Conj           96%        1d7       1%          1
 Passwall                 Tmut/Erth      20%        N/A       1%          2
 Kiss of Death            Conj/Necr      60%        2d10      4%          1
 Petrify                  Tmut/Erth      25%        N/A       14%         4
 Call Imp                 Summ           6%         N/A       16%         2
 Mephitic Cloud           Conj/Pois/Air  18%        N/A       16%         3
 Ignite Poison            Fire/Tmut/Pois 15%        N/A       21%         3
 Confusing Touch          Hex            6%         N/A       30%         3
 Kindle Blastsparks       Fire/Tloc/Air  12%        2d11      30%         3
 Dispel Undead            Necr           6%         3d8       71%         4
 Freezing Cloud           Conj/Ice/Air   6%         6-21      83%         5


Dungeon Overview and Level Annotations

Branches:
Dungeon (7/15) Zot: 591    Temple (1/1) D:6 Zot: 587

Altars:
Ashenzari
Cheibriados
Dithmenos
Gozag
Hepliaklqana
Makhleb
Okawaru
Vehumet
Xom
Yredelemnul

Shops:
D:1 :   D:5 (


Innate Abilities, Weirdness & Mutations

You passively map the area around you.
You are easily found by Zot.
You glow in the dark.
You regain HP and MP as you explore.


Message History

The water moccasin bites you.
* * * LOW HITPOINT WARNING * * *
You hit the orc.
The orc is lightly wounded.
The water moccasin misses you. The orc hits you but does no damage.
You barely miss the orc.
The orc is lightly wounded.
Your toxic aura wanes.
The water moccasin bites you but does no damage.
The orc closely misses you. The water moccasin bites you.
* * * LOW HITPOINT WARNING * * *
You sock the orc!
You kill the orc!
Vehumet accepts your kill.
The water moccasin completely misses you.
The water moccasin barely misses you.
You closely miss the water moccasin. The water moccasin bites you.
* * * LOW HITPOINT WARNING * * *
You sock the water moccasin!
The water moccasin is moderately wounded.
The water moccasin bites you but does no damage.
The water moccasin bites you.
* * * LOW HITPOINT WARNING * * *
You are too injured to fight recklessly!
Casting: Sandblast (safe; 1% risk of failure)
Confirm with . or Enter, or press ? or * to list all spells.
Aiming: Sandblast (safe; 1% risk of failure)
Press: ? - help, Shift-Dir - straight line, f - water moccasin
Aim: a water moccasin (moderately wounded, 73% to hit)
Okay, then.
Casting: Sandblast (safe; 1% risk of failure)
Confirm with . or Enter, or press ? or * to list all spells.
Aiming: Stone Arrow (dangerous; 3% risk of failure)
Press: ? - help, Shift-Dir - straight line, f - water moccasin
Aim: a water moccasin (moderately wounded, 53% to hit)
The stone arrow hits the water moccasin!
The water moccasin is severely wounded.
The water moccasin bites you but does no damage.
The water moccasin bites you!
You die...

* , , .. #. * , , ,
** ... #.* * #
,...#.#######.# ,
,..#.......... * *
#........... #### ~~
~ #........... ##...
*#..)).......# ##....
#..)@.......# #.....
* * ~##.S........#
#..... , ~*, *
#....#####.### #.....
, *
#............###.....
,
##.............#.)...
, *
#....$.....##......>
,
.#......>...####.....
, ..............#
#..... *
..............##
#.....


You could see a water moccasin.

Vanquished Creatures
  2 black bears
  An orc warrior (D:7)
  An ogre (D:5)
  A centaur (D:6)
  2 necrophages (D:6)
  A scorpion (D:5)
  2 howler monkeys
  4 jellies
  A hound (D:4)
  2 gnoll boudas
  3 orc priests
  2 iguanas (D:6)
  6 orc wizards
  10 gnolls
  8 adders
  A shadow imp (D:5)
  2 ufetubi
  A worm (D:2)
  19 orcs
  8 endoplasms
  5 giant cockroaches
  4 hobgoblins
  5 jackals (D:4)
  3 quokkas
  3 ball pythons
  4 bats
  4 goblins
  3 kobolds
  5 rats
113 creatures vanquished.

Notes
Turn   | Place    | Note
-------+----------+-------------------------------------------
     0 | D:1      | BigDaddyOpFi the Meteoran Earth Elementalist began the
                  | quest for the Orb.
     0 | D:1      | Reached XP level 1. HP: 14/14 MP: 5/5
    40 | D:1      | Found Veoliky's Book Emporium.
    47 | D:1      | Identified 3 scrolls of acquirement
    47 | D:1      | Acquired the +3 pair of seven-league boots {Rampage+∞}
    47 | D:1      | Found the +3 pair of seven-league boots {Rampage+∞}
    54 | D:1      | Acquired the +9 staff of Olgreb {rPois∞}
    54 | D:1      | Found the +9 staff of Olgreb {rPois∞}
    57 | D:1      | Acquired 505 gold pieces
    99 | D:1      | Reached XP level 2. HP: 17/20 MP: 3/6
   493 | D:2      | Reached XP level 3. HP: 13/26 MP: 3/8
   907 | D:2      | Found a faded altar of an unknown god.
   918 | D:2      | Reached XP level 4. HP: 33/33 MP: 5/9
  1088 | D:2      | Glimpsed the power of Zot.
  1138 | D:2      | Glimpsed the power of Zot.
  1564 | D:4      | Reached XP level 5. HP: 35/38 MP: 7/11
  1581 | D:4      | Reached XP level 6. HP: 45/45 MP: 2/12
  1587 | D:4      | Learned a level 3 spell: Stone Arrow
  1858 | D:4      | Reached skill level 1 in Conjurations
  2003 | D:5      | Entered Level 5 of the Dungeon
  2007 | D:5      | Noticed an ogre
  2016 | D:5      | Killed an ogre
  2017 | D:5      | Reached skill level 5 in Earth Magic
  2017 | D:5      | Reached XP level 7. HP: 23/50 MP: 5/14
  2089 | D:5      | Found Zunkiod's Weapon Emporium.
  2511 | D:5      | Reached XP level 8. HP: 48/57 MP: 12/16
  2572 | D:5      | Reached skill level 5 in Spellcasting
  2852 | D:6      | Reached skill level 5 in Dodging
  2875 | D:6      | Found a staircase to the Ecumenical Temple.
  2893 | Temple   | Entered the Ecumenical Temple
  2899 | Temple   | Became a worshipper of Vehumet
  3475 | D:6      | Glimpsed the power of Zot.
  3480 | D:6      | Gained mutation: You passively map the area around you.
                  | [Meteoran growth]
  3480 | D:6      | Reached XP level 9. HP: 50/62 MP: 9/18
  3524 | D:6      | Glimpsed the power of Zot.
  3563 | D:6      | Glimpsed the power of Zot.
  3573 | D:6      | Touched by the power of Zot.
  3779 | D:7      | Slain by a water moccasin

Illustrated notes

Levels and vault maps discovered:
D:1:      heliophobic_arrival_henge, layout_rooms, serial_shops, shop_statue
D:2:      layout_basic, serial_shops, nicolae_lakefront_shop,
          ebering_ecumenical_altar_ruins
D:3:      layout_basic
D:4:      layout_rooms, kennysheep_generic_room_4
D:5:      layout_loops_corners, serial_shops, nicolae_shop_behind_doors
D:6:      layout_layer_cave, minmay_temple_entry_arrows, chequers_avenue
D:7:      layout_rooms, serial_aquarium, aquarium_bridge_straight
          [aquarium_subvault_bridge, aquarium_subvault_wall,
          aquarium_subvault_bridge, aquarium_subvault_window],
          aquarium_window_corridor_1, aquarium_window_1, aquarium_window_fake,
          aquarium_window_1, aquarium_view_2c, aquarium_view_2b,
          aquarium_balcony_3b, aquarium_pool_2
Temple:   nicolae_temple_bog_church

Skill      XL: |  1  2  3  4  5  6  7  8  9 |
---------------+----------------------------+-----
Spellcasting   | 3 4 5 6 |  6.3
Earth Magic    | 4 5 6 |  6.7
Dodging        | 3 4 5 6 |  6.1
Transmutations | 2 3 |  3.0
Stealth        | 2 3 4 |  4.1
Conjurations   | 1 2 4 |  4.5

Action                     |  1- 3 |  4- 6 |  7- 9 || total
---------------------------+-------+-------+-------++-------
  Melee: Staff             |     9 |    56 |    92 ||   157
         Punch             |       |     1 |       ||     1
   Cast: Sandblast         |    19 |     3 |     2 ||    24
         Stone Arrow       |       |       |     4 ||     4
Ability: Evoke the Staff o |     2 |    19 |    37 ||    58
    Use: Scroll            |     3 |       |       ||     3
         Potion            |       |       |     1 ||     1
 Armour: Robe              |     9 |    23 |    54 ||    86
  Dodge: Dodged            |    12 |    30 |    72 ||   114

Table legend: (Time is in decaauts)
 A = Elapsed time spent in this place.
 B = Non-inter-level travel time spent in this place.
 C = Inter-level travel time spent in this place.
 D = Time resting spent in this place.
 E = Time spent auto-exploring this place.
 F = Levels seen in this place.
 G = Mean time per level.
                   A        B        C        D        E       F      G
               +--------+--------+--------+--------+--------+-----+--------+
         Total |   3821 |   3710 |    111 |    352 |   2741 |   8 |  477.6 |
       Dungeon |   3808 |   3703 |    105 |    352 |   2741 |   7 |  544.0 |
        Temple |     12 |      6 |      6 |      0 |      0 |   1 |   12.0 |
               +--------+--------+--------+--------+--------+-----+--------+

Top non-repeatable levels by time:
     D:6: 867 daAuts
     D:5: 847 daAuts
     D:2: 675 daAuts
     D:1: 491 daAuts
     D:4: 481 daAuts
     D:3: 375 daAuts
     D:7: 69 daAuts
  Temple: 12 daAuts
